 Dungeon Crawl Stone Soup version 0.20.1-1-g8b1a95d66d (webtiles) character file.

100 Popi the Slasher (level 5, -6/41 HPs)
             Began as a Human Fighter on Dec 19, 2017.
             Mangled by monokles's ghost (7 damage)
             ... on level 3 of the Dungeon.
             The game lasted 00:03:20 (2174 turns).

Popi the Slasher (Human Fighter)                    Turns: 2174, Time: 00:03:20

Health: -6/41      AC:  6    Str: 27    XL:     5   Next: 3%
Magic:  5/5        EV: 10    Int:  9    God:
Gold:   140        SH:  0    Dex: 12    Spells: 4/4 levels left

rFire    . . .     SeeInvis .   a - +0 long sword
rCold    . . .     Gourm    .   (no shield)
rNeg     . . .     Faith    .   b - +0 scale mail
rPois    .         Spirit   .   (no helmet)
rElec    .         Reflect  .   (no cloak)
rCorr    .         Harm     .   (no gloves)
MR       .....                  (no boots)
Stlth    ..........             g - amulet of rage
Regen    0.2/turn               c - +5 ring of strength
MPRegen  0.1/turn               (no ring)

@: mighty, drained
A: no striking features
a: Evoke Berserk Rage


You were on level 3 of the Dungeon.
You were very hungry.

You visited 1 branch of the dungeon, and saw 3 of its levels.

You collected 140 gold pieces.

Inventory:

Hand Weapons
 a - a +0 long sword (weapon)
 q - a +0 dagger of draining
Armour
 b - a +0 scale mail (worn)
Jewellery
 c - a +5 ring of strength (left hand)
 g - an amulet of rage (around neck)
 o - an uncursed ring of flight {unknown}
Scrolls
 e - a scroll of identify {unknown}
 h - 2 scrolls of remove curse {unknown}
 i - 2 scrolls of noise {unknown}
 j - 2 scrolls of enchant weapon {unknown}
 t - a scroll of teleportation {unknown}
Potions
 d - a potion of might
 k - a potion of degeneration {unknown}
 l - a potion of lignification {unknown}
 m - 2 potions of invisibility {unknown}
 r - a potion of brilliance {unknown}
 s - 2 potions of flight {unknown}
Comestibles
 f - 2 bread rations
 n - a meat ration
 p - a royal jelly


   Skills:
 + Level 3.2(3.0) Fighting
 + Level 4.6(4.3) Long Blades
 - Level 3.0(2.7) Armour
   Level 3.0(2.7) Shields


You had 4 spell levels left.
You didn't know any spells.

Dungeon Overview and Level Annotations

Branches:
Dungeon (3/15)

Altars:
Elyvilon
Hepliaklqana
Qazlal
Ru

Annotations:
D:3 monokles's ghost, amateur DEAM


Message History

Monokles's ghost hits you.
* * * LOW HITPOINT WARNING * * *
You hit monokles's ghost but do no damage.
Monokles's ghost is severely damaged.
Monokles's ghost hits you.
* * * LOW HITPOINT WARNING * * *
You miss monokles's ghost.
Monokles's ghost is severely damaged.
Monokles's ghost hits you.
* * * LOW HITPOINT WARNING * * *
You feel very mighty all of a sudden. Monokles's ghost closely misses you.
You riposte.
You closely miss monokles's ghost.
Monokles's ghost is severely damaged.
Your scale mail prevents you from hitting monokles's ghost.
Monokles's ghost is severely damaged.
Monokles's ghost hits you.
* * * LOW HITPOINT WARNING * * *
Monokles's ghost hits you!
You die...

#. #..#......>....# #. # #
#...##........# #.#.
##8#####..##.♣...♣..# #...
#≈≈_#...#..).......###
#..##≈≈..##....#####.♣....##
# #..#≈≈...####..#
##.......#.# #..+.(.._8#
##.# #..........#
##.#≈≈...####..#
#(.........# #.##≈≈W.##..@.#
#.).).....# #..##≈≈_#...#W#
#)(......... ##..###8#####.#
#<........## ##..#### ##..#
##.......## ##.W.####..##
#<........# ##.......##
#.........# #########
#.........# #.........#
#.........#


You could see monokles's ghost.

Vanquished Creatures
  A centaur zombie (D:3)
  3 adders (D:2)
  An ooze (D:2)
  2 dart slugs (D:2)
  A leopard gecko (D:1)
  An orc (D:3)
  2 bats (D:2)
  4 goblins
  7 hobgoblins
  5 kobolds
  5 rats
32 creatures vanquished.

Notes
Turn   | Place    | Note
-------+----------+-------------------------------------------
     0 | D:1      | Popi the Human Fighter began the quest for the Orb.
     0 | D:1      | Reached XP level 1. HP: 18/18 MP: 1/1
   324 | D:1      | Reached XP level 2. HP: 24/24 MP: 2/2
   911 | D:2      | Reached skill level 3 in Long Blades
   911 | D:2      | Reached XP level 3. HP: 20/29 MP: 3/3
  1218 | D:2      | Found a hazy altar of Hepliaklqana.
  1550 | D:2      | Reached XP level 4. HP: 33/35 MP: 4/4
  1603 | D:2      | Reached skill level 4 in Long Blades
  2069 | D:3      | Reached XP level 5. HP: 29/41 MP: 5/5
  2136 | D:3      | Found a stormy altar of Qazlal.
  2136 | D:3      | Found a sacrificial altar of Ru.
  2137 | D:3      | Found a white marble altar of Elyvilon.
  2137 | D:3      | Noticed monokles's ghost (amateur DEAM)
  2172 | D:3      | HP: 2/41 [monokles's ghost (2)]
  2174 | D:3      | Mangled by monokles's ghost

Skill      XL: |  1  2  3  4 |
---------------+-------------+-----
Long Blades    | 3 4 |  4.6
Fighting       | |  3.2
Armour         | |  3.0
Shields        | |  3.0

Action                   |  1- 3 |  4- 6 || total
-------------------------+-------+-------++-------
Melee: Long sword        |    69 |    50 ||   119
  Use: Potion            |       |     1 ||     1
  Eat: Chunk             |     2 |     1 ||     3
Armor: Scale mail        |    33 |    31 ||    64
Dodge: Dodged            |    30 |    30 ||    60
       Rpst.: Long sword |     6 |    11 ||    17
